 Dungeon Crawl Stone Soup version 0.29-a0-352-g0917bc69df (webtiles) character file.

Game seed: 6116790032406730293

8332 greenreed the Nimble (level 11, -28/89 HPs)
             Began as a Gnoll Monk on Apr 23, 2022.
             Was a Priest of Jiyva.
             Killed from afar by a fire giant (43 damage)
             ... with a bolt of fire
             ... created by the fury of Okawaru
             ... on level 11 of the Dungeon.
             The game lasted 00:44:44 (11423 turns).

greenreed the Nimble (Gnoll Monk)                  Turns: 11423, Time: 00:44:44

Health: -28/89     AC: 19    Str: 14    XL:     11   Next: 29%
Magic:  20/20      EV: 15    Int:  9    God:    Jiyva [***...]
Gold:   353        SH:  5    Dex: 16    Spells: 21/22 levels left

rFire   . . .      SeeInvis .   u - +0 flail (protect)
rCold   + . .      Faith    .   (no shield)
rNeg    + + .      Spirit   .   B - +2 ring mail of Ojuwiuru {rN++ Regen+ rCorr Slay+2 Stlth-}
rPois   +          Reflect  +   H - +0 helmet
rElec   .          Harm     .   O - +0 cloak
rCorr   +          Rampage  .   F - +0 pair of gloves
Will    .....                   (no boots)
Stlth   ++........              M - amulet of reflection
HPRegen 2.16/turn               y - ring of protection from cold
MPRegen 0.52/turn               C - ring of poison resistance

@: under a protective aura, hasted, very quick
A: fangs 1, strong nose, distributed training, talons 2, evolution 2
a: Renounce Religion, Oozemancy


You were on level 11 of the Dungeon.
You worshipped Jiyva.
Jiyva was most pleased with you.
You visited 2 branches of the dungeon, and saw 12 of its levels.
You also visited: Sewer and Bailey.

You collected 353 gold pieces.

Inventory:

Hand Weapons
 a - a +0 mace
 u - a +0 flail of protection (weapon)
Missiles
 i - 6 throwing nets (quivered)
 m - 3 poisoned darts
 L - 4 silver javelins
Armour
 d - a +1 leather armour of cold resistance
 n - a +0 pair of boots
 B - the +2 ring mail of Ojuwiuru (worn) {rN++ Regen+ rCorr Slay+2 Stlth-}
   (You found it on level 5 of the Dungeon)

   Slay:      It affects your accuracy & damage with ranged weapons and melee
   (+2).
   rN:        It greatly protects you from negative energy.
   Regen:     It increases your rate of health regeneration.
   rCorr:     It protects you from acid and corrosion.
   Stlth:     It makes you less stealthy.
 F - a +0 pair of gloves (worn)
 H - a +0 helmet (worn)
 O - a +0 cloak (worn)
Jewellery
 b - a ring of flight
 l - a +6 ring of strength
 w - an amulet of magic regeneration
 y - a ring of protection from cold (left hand)
 C - a ring of poison resistance (right hand)
 M - an amulet of reflection (around neck)
Wands
 I - a wand of polymorph (10)
Scrolls
 j - a scroll of vulnerability {unknown}
 k - a scroll of holy word {unknown}
 o - 3 scrolls of torment
 p - a scroll of amnesia
 r - 2 scrolls of fear
 A - a scroll of enchant weapon
 E - a scroll of immolation {unknown}
 J - a scroll of blinking {unknown}
 K - 2 scrolls of identify
Potions
 c - a potion of ambrosia
 e - 3 potions of curing
 f - 2 potions of haste
 h - a potion of mutation {unknown}
 q - 4 potions of attraction
 s - 2 potions of lignification {unknown}
 t - 4 potions of might
 v - 3 potions of flight
 x - a potion of berserk rage {unknown}
 z - 3 potions of magic
 D - 3 potions of degeneration {unknown}
 G - a potion of cancellation {unknown}
 N - a potion of brilliance {unknown}


   Skills:
 + Level 9.1 Fighting
 + Level 6.1 Short Blades
 + Level 6.1 Long Blades
 + Level 6.1 Axes
 + Level 9.1 Maces & Flails
 + Level 6.1 Polearms
 + Level 6.1 Staves
 + Level 6.1 Slings
 + Level 6.1 Bows
 + Level 6.1 Crossbows
 + Level 6.1 Throwing
 + Level 6.1 Armour
 + Level 9.1 Dodging
 + Level 7.5 Stealth
 + Level 6.1 Shields
 + Level 6.1 Unarmed Combat
 + Level 6.1 Spellcasting
 + Level 5.1 Conjurations
 + Level 5.1 Hexes
 + Level 5.1 Summonings
 + Level 5.1 Necromancy
 + Level 5.1 Translocations
 + Level 5.1 Transmutations
 + Level 5.1 Fire Magic
 + Level 5.1 Ice Magic
 + Level 5.1 Air Magic
 + Level 5.1 Earth Magic
 + Level 5.1 Poison Magic
 + Level 6.7 Invocations
 + Level 6.1 Evocations


You had 21 spell levels left.
You knew the following spells:

 Your Spells              Type           Power      Damage    Failure   Level
a - Shock                 Conj/Air       44%        1d5       4%          1

Your spell library contained the following spells:

 Spells                   Type           Power      Damage    Failure   Level
 Blink                    Tloc           22%        N/A       8%          2
 Lesser Beckoning         Tloc           11%        N/A       16%         3
 Swiftness                Air            11%        N/A       16%         3
 Airstrike                Air            5%         N/A       45%         4
 Manifold Assault         Tloc           11%        N/A       80%         5


Dungeon Overview and Level Annotations

Branches:
Dungeon (11/15)            Temple (1/1) D:5            Lair (0/6) D:8
  Sewer (visited)          Bailey (visited)
    Orc: D:9-12

Altars:
Ashenzari
Cheibriados
Dithmenos
Elyvilon
Fedhas
Gozag
Hepliaklqana
Kikubaaqudgha
Makhleb
Nemelex Xobeh
Okawaru
Qazlal
Ru
Sif Muna
Trog
Uskayaw
Vehumet
Wu Jian
Xom
Yredelemnul
Zin
The Shining One

Shops:
D:5 =

Annotations:
D:5 1 runed translucent door
D:8 4 transporters
D:9 1 runed translucent door, Psyclone's ghost, journeyman OpIE
D:11 3 runed translucent doors, Selrock's ghost, journeyman DsGl


Innate Abilities, Weirdness & Mutations

You have very sharp teeth.
Your uncanny sense of smell can sniff out nearby items.
Your experience applies equally to all skills.
You have razor-sharp toenails.
You have great hidden genetic potential.


Message History

The tengu warrior hits you with a +0 long sword!
* * * LOW HITPOINT WARNING * * *
You block the tengu warrior's attack. x2; The fire giant closely misses you.
You feel yourself speed up.
The tengu warrior hits you but does no damage.
The tengu warrior pecks you.
* * * LOW HITPOINT WARNING * * *
The tengu warrior claws you.
* * * LOW HITPOINT WARNING * * *
You block the fire giant's attack.
Things that are here:
a killer bee corpse; a killer bee corpse You feel much better.
Okay, then.
The fire giant is no longer covered in acid.
You hear a distant slurping noise.
You barely miss the fire giant.
You claw the fire giant, but do no damage.
You bite the fire giant, but do no damage.
The fire giant is moderately wounded.
The fire giant casts a spell at you. The bolt of fire hits you!!
You hit the fire giant but do no damage.
Your weapon exudes an aura of protection.
Your kick misses the fire giant.
You bite the fire giant, but do no damage.
The fire giant is moderately wounded.
You hit the fire giant.
You claw the fire giant, but do no damage.
You bite the fire giant, but do no damage.
The fire giant is moderately wounded.
The fire giant hits you with a +1 great sword of flaming!!
* * * LOW HITPOINT WARNING * * *
The fire giant burns you.
* * * LOW HITPOINT WARNING * * *
The tengu conjurer casts a spell.
The tengu conjurer blinks!
The fire giant points at you and mumbles some strange words.
The bolt of fire hits you!!!
You die...

#..# #..# #..#
#..# #..# #..#
#..# #..# #..#
#..# #..# #..#
#..# #..# #..#
#..# #..# #..#
#..####..####..#
#..............#
#@#####..####..#
#.# #..# #..# #.#
#..# #..# . #C#
#..# #..# .. #Q#
#..# #..# ... #.#
#..# #..# ....
#.# #..# #..#
.)...#########ยง#
#..# #..###
..........*Q..*#
#..# #.....


You could see a fire giant and a tengu warrior.

Vanquished Creatures
  A hydra (D:11)
  A deep elf pyromancer (D:7)
  A manticore (D:11)
  An elephant (D:8)
  A gargoyle (D:7)
  Psyche (D:8)
  The ghost of Antichthon the Grasshopper, an amateur NaWr (D:5)
  A troll (D:11)
  A hornet (D:9)
  A wraith (D:11)
  A shadow (D:11)
  2 wyverns
  11 yaks
  3 steam dragons
  5 orc warriors
  2 black bears (D:8)
  3 ice beasts
  2 centaurs
  An ogre (D:7)
  A phantom (D:5)
  2 bullfrogs
  A gnoll sergeant (D:8)
  A scorpion (D:5)
  2 necrophages (D:6)
  4 killer bees (D:11)
  3 howler monkeys
  An orc priest (D:6)
  A gnoll shaman (D:8)
  3 hounds (D:5)
  3 jellies
  3 iguanas
  5 orc wizards
  11 gnolls
  12 adders
  A river rat (D:5)
  2 white imps
  4 worms (Sewer)
  5 dart slugs
  43 orcs
  7 ball pythons
  14 endoplasms
  11 giant cockroaches
  18 goblins
  8 hobgoblins
  15 kobolds
  3 quokkas
  6 bats
  4 frilled lizards
  6 rats
240 creatures vanquished.

Vanquished Creatures (others)
  An acid blob (D:11)
  An orc knight (Bailey)
  23 jellies
  2 orc wizards
  A white imp (D:7)
  5 orcs
  A goblin (Bailey)
  A hobgoblin (Bailey)
  A kobold (Bailey)
  5 plants (D:9)
41 creatures vanquished.

Grand Total: 281 creatures vanquished

Notes
Turn   | Place    | Note
-------+----------+-------------------------------------------
     0 | D:1      | greenreed the Gnoll Monk began the quest for the Orb.
     0 | D:1      | Reached XP level 1. HP: 23/23 MP: 1/1
   157 | D:1      | Reached XP level 2. HP: 11/29 MP: 2/2
   912 | D:1      | Reached XP level 3. HP: 29/35 MP: 3/3
  1067 | D:2      | Found a hazy altar of Hepliaklqana.
  1102 | D:2      | Reached skill level 1 in Invocations
  1537 | D:2      | Reached skill level 1 in Short Blades
  1537 | D:2      | Reached skill level 1 in Long Blades
  1537 | D:2      | Reached skill level 1 in Axes
  1537 | D:2      | Reached skill level 1 in Polearms
  1537 | D:2      | Reached skill level 1 in Staves
  1537 | D:2      | Reached skill level 1 in Slings
  1537 | D:2      | Reached skill level 1 in Bows
  1537 | D:2      | Reached skill level 1 in Crossbows
  1537 | D:2      | Reached skill level 1 in Throwing
  1537 | D:2      | Reached skill level 1 in Armour
  1537 | D:2      | Reached skill level 1 in Shields
  1537 | D:2      | Reached skill level 1 in Unarmed Combat
  1537 | D:2      | Reached skill level 1 in Spellcasting
  1537 | D:2      | Reached skill level 1 in Evocations
  2040 | D:2      | Reached XP level 4. HP: 33/41 MP: 5/5
  2935 | D:3      | Reached skill level 1 in Conjurations
  2935 | D:3      | Reached skill level 1 in Hexes
  2935 | D:3      | Reached skill level 1 in Summonings
  2935 | D:3      | Reached skill level 1 in Necromancy
  2935 | D:3      | Reached skill level 1 in Translocations
  2935 | D:3      | Reached skill level 1 in Transmutations
  2935 | D:3      | Reached skill level 1 in Fire Magic
  2935 | D:3      | Reached skill level 1 in Ice Magic
  2935 | D:3      | Reached skill level 1 in Air Magic
  2935 | D:3      | Reached skill level 1 in Earth Magic
  2935 | D:3      | Reached skill level 1 in Poison Magic
  3019 | D:3      | Found a faded altar of an unknown god.
  3621 | D:4      | Reached XP level 5. HP: 47/47 MP: 5/7
  4310 | D:4      | Noticed an ogre
  4547 | D:4      | Found a snail-covered altar of Cheibriados.
  4599 | D:4      | Reached XP level 6. HP: 18/53 MP: 8/8
  4994 | D:5      | Entered Level 5 of the Dungeon
  5080 | D:5      | Found Rasika's One-of-a-Kind Rings.
  5562 | D:5      | Found a staircase to the Ecumenical Temple.
  5568 | Temple   | Entered the Ecumenical Temple
  5857 | Temple   | Became a worshipper of Warmaster Okawaru
  5857 | Temple   | Reached * piety under Okawaru
  5857 | Temple   | Reached ** piety under Okawaru
  5950 | D:5      | Found a runed translucent door.
  5963 | D:5      | Noticed Antichthon's ghost (amateur NaWr)
  6299 | D:5      | Found a runed translucent door.
  6299 | D:5      | Noticed an ice beast
  6311 | D:5      | Killed an ice beast
  6312 | D:5      | Reached XP level 7. HP: 57/60 MP: 10/10
  6343 | D:5      | Identified the +2 ring mail of Ojuwiuru {rN++ Regen+ rCorr
                  | Slay+2 Stlth-}
  6655 | D:5      | Reached skill level 5 in Stealth
  6698 | D:5      | Killed Antichthon's ghost
  6698 | D:5      | Reached *** piety under Okawaru
  6699 | D:5      | Reached XP level 8. HP: 67/67 MP: 10/12
  7177 | D:6      | Noticed a wyvern
  7188 | D:6      | Killed a wyvern
  7326 | D:6      | Found a glowing drain.
  7345 | Sewer    | Entered a sewer
  7543 | Sewer    | Reached **** piety under Okawaru
  7553 | Sewer    | Found a viscous altar of Jiyva.
  7572 | Sewer    | Fell from the grace of Okawaru
  7573 | Sewer    | Became a worshipper of Jiyva Jisiom the Shapeless
  8034 | D:7      | Noticed a gargoyle
  8157 | D:7      | Reached XP level 9. HP: 72/72 MP: 14/14
  8177 | D:7      | Noticed a deep elf pyromancer
  8330 | D:7      | Reached * piety under Jiyva
  8614 | D:7      | Killed a gargoyle
  8804 | D:7      | Killed a deep elf pyromancer
  8983 | D:7      | Reached ** piety under Jiyva
  9019 | D:7      | Reached skill level 5 in Invocations
  9247 | D:7      | Noticed a stone giant
  9247 | D:7      | Noticed a minotaur
  9303 | D:8      | Found a transporter.
  9317 | D:8      | Found a transporter.
  9357 | D:8      | Noticed an elephant
  9392 | D:8      | Killed an elephant
  9393 | D:8      | Reached XP level 10. HP: 80/80 MP: 15/17
  9413 | D:8      | Found a staircase to the Lair.
  9434 | D:8      | Noticed a two-headed ogre
  9436 | D:8      | Noticed Psyche
  9459 | D:8      | Found a transporter.
  9459 | D:8      | Found a transporter.
  9552 | D:8      | Reached skill level 5 in Short Blades
  9552 | D:8      | Reached skill level 5 in Long Blades
  9552 | D:8      | Reached skill level 5 in Axes
  9552 | D:8      | Reached skill level 5 in Polearms
  9552 | D:8      | Reached skill level 5 in Staves
  9552 | D:8      | Reached skill level 5 in Slings
  9552 | D:8      | Reached skill level 5 in Bows
  9552 | D:8      | Reached skill level 5 in Crossbows
  9552 | D:8      | Reached skill level 5 in Throwing
  9552 | D:8      | Reached skill level 5 in Armour
  9552 | D:8      | Reached skill level 5 in Shields
  9552 | D:8      | Reached skill level 5 in Unarmed Combat
  9552 | D:8      | Reached skill level 5 in Spellcasting
  9552 | D:8      | Reached skill level 5 in Evocations
  9563 | D:8      | Killed Psyche
  9758 | D:8      | Found a transporter.
  9758 | D:8      | Found a transporter.
  9943 | D:8      | Learned a level 1 spell: Shock
 10057 | D:8      | Found a flagged portal.
 10074 | Bailey   | Entered a bailey
 10079 | Bailey   | Noticed an orc warlord
 10170 | Bailey   | Found a runed translucent gate.
 10171 | Bailey   | Found a runed translucent gate.
 10179 | Bailey   | Found a runed translucent gate.
 10188 | Bailey   | Noticed an orc knight
 10194 | Bailey   | Noticed a merfolk impaler
 10194 | Bailey   | Noticed a naga warrior
 10194 | Bailey   | Noticed a naga ritualist
 10194 | Bailey   | Noticed an orc knight
 10245 | Bailey   | Killed an orc knight
 10415 | D:9      | Reached *** piety under Jiyva
 10445 | D:9      | Noticed an orc knight
 10527 | D:8      | HP: 3/82 [yak (13)]
 10641 | D:9      | Noticed a deep elf archer
 10641 | D:9      | Noticed a deep elf pyromancer
 10641 | D:9      | Noticed a deep elf pyromancer
 10641 | D:9      | Noticed a deep elf archer
 10641 | D:9      | Noticed a deep elf pyromancer
 10641 | D:9      | Noticed a minotaur
 10641 | D:9      | Noticed a centaur warrior
 10648 | D:9      | HP: 2/82 [centaur warrior[the fury of Okawaru] (10)]
 10649 | D:9      | Found a runed translucent door.
 10683 | D:9      | Noticed Psyclone's ghost (journeyman OpIE)
 10775 | D:9      | Gained mutation: You have hidden genetic potential.
                  | [Jiyva's grace]
 10775 | D:9      | Gained mutation: You have great hidden genetic potential.
                  | [Jiyva's grace]
 10775 | D:9      | Gained mutation: You have sharp toenails. [Jiyva's grace]
 10775 | D:9      | Gained mutation: You have razor-sharp toenails. [Jiyva's
                  | grace]
 10838 | D:10     | Entered Level 10 of the Dungeon
 10875 | D:10     | Reached XP level 11. HP: 82/87 MP: 19/19
 11114 | D:10     | Reached **** piety under Jiyva
 11218 | D:10     | Noticed a merfolk impaler
 11218 | D:10     | Noticed a deep elf knight
 11218 | D:10     | Noticed a deep elf zephyrmancer
 11218 | D:10     | Noticed a deep elf pyromancer
 11218 | D:10     | Noticed a deep elf knight
 11218 | D:10     | Noticed a fire giant
 11235 | D:11     | Noticed a manticore
 11235 | D:11     | Found Nuimey's Weapon Boutique.
 11241 | D:11     | Noticed a four-headed hydra
 11251 | D:11     | Killed a manticore
 11258 | D:11     | Killed a four-headed hydra
 11259 | D:11     | Reached skill level 5 in Conjurations
 11259 | D:11     | Reached skill level 5 in Hexes
 11259 | D:11     | Reached skill level 5 in Summonings
 11259 | D:11     | Reached skill level 5 in Necromancy
 11259 | D:11     | Reached skill level 5 in Translocations
 11259 | D:11     | Reached skill level 5 in Transmutations
 11259 | D:11     | Reached skill level 5 in Fire Magic
 11259 | D:11     | Reached skill level 5 in Ice Magic
 11259 | D:11     | Reached skill level 5 in Air Magic
 11259 | D:11     | Reached skill level 5 in Earth Magic
 11259 | D:11     | Reached skill level 5 in Poison Magic
 11284 | D:11     | Found a runed translucent gate.
 11284 | D:11     | Noticed an eight-headed hydra
 11285 | D:11     | Found a runed translucent gate.
 11285 | D:11     | Noticed a centaur warrior
 11285 | D:11     | Noticed Selrock's ghost (journeyman DsGl)
 11286 | D:11     | Found a runed translucent gate.
 11291 | D:11     | Noticed a deep elf archer
 11398 | D:11     | Noticed a tengu warrior
 11398 | D:11     | Noticed a fire giant
 11398 | D:11     | Noticed a fire giant
 11399 | D:11     | Slimified a fire giant
 11399 | D:11     | Noticed an acid blob
 11399 | D:11     | a fire giant changed into an acid blob
 11400 | D:11     | Killed an acid blob
 11406 | D:11     | HP: 3/89 [fire giant/+1 great sword of flaming[the fury of
                  | Okawaru] (6)]
 11423 | D:11     | Killed from afar by a fire giant

Illustrated notes

Levels and vault maps discovered:
D:1:      roderic_crossed_star, layout_basic, minmay_misc_feat_x
D:2:      layout_loops_ring, basic_altar, st_stairs_11, minmay_cupped
D:3:      layout_basic, ebering_ecumenical_altar_ruins
D:4:      layout_basic, slow_altar_2
D:5:      layout_gridville, minmay_temple_entry_enclosed_plants,
          ebering_ghost_sewer_f, grunt_ministairs_1, nicolae_shop_unique_rings
D:6:      layout_basic, portal_sewer_entry_d
D:7:      layout_basic
D:8:      layout_basic, david_lair_generic, enter_bailey_3,
          serial_nicolae_subway, nicolae_sub_station_metal,
          nicolae_sub_station_stone, nicolae_sub_station_crystal, uniq_psyche
D:9:      layout_rooms, minmay_orc_entry_guard_dogs, hellmonk_ghost_big_iron,
          kennysheep_potato
D:10:     layout_cave_pods, grunt_ministairs_9
D:11:     layout_long_grid, gammafunk_ghost_split, serial_shops, shop_fountains,
          uniq_erolcha
Temple:   roderic_octagonal_lattice_temple

Skill      XL: |  1  2  3  4  5  6  7  8  9 10 11 |
---------------+----------------------------------+-----
Invocations    | 1 2 3 4 5 6 |  6.7
Short Blades   | 1 2 3 4 5 6 |  6.1
Long Blades    | 1 2 3 4 5 6 |  6.1
Axes           | 1 2 3 4 5 6 |  6.1
Polearms       | 1 2 3 4 5 6 |  6.1
Staves         | 1 2 3 4 5 6 |  6.1
Slings         | 1 2 3 4 5 6 |  6.1
Bows           | 1 2 3 4 5 6 |  6.1
Crossbows      | 1 2 3 4 5 6 |  6.1
Throwing       | 1 2 3 4 5 6 |  6.1
Armour         | 1 2 3 4 5 6 |  6.1
Shields        | 1 2 3 4 5 6 |  6.1
Unarmed Combat | 1 2 3 4 5 6 |  6.1
Spellcasting   | 1 2 3 4 5 6 |  6.1
Evocations     | 1 2 3 4 5 6 |  6.1
Conjurations   | 1 2 3 4 5 |  5.1
Hexes          | 1 2 3 4 5 |  5.1
Summonings     | 1 2 3 4 5 |  5.1
Necromancy     | 1 2 3 4 5 |  5.1
Translocations | 1 2 3 4 5 |  5.1
Transmutations | 1 2 3 4 5 |  5.1
Fire Magic     | 1 2 3 4 5 |  5.1
Ice Magic      | 1 2 3 4 5 |  5.1
Air Magic      | 1 2 3 4 5 |  5.1
Earth Magic    | 1 2 3 4 5 |  5.1
Poison Magic   | 1 2 3 4 5 |  5.1
Fighting       | 7 8 9 |  9.1
Maces & Flails | 7 8 9 |  9.1
Dodging        | 7 8 9 |  9.1
Stealth        | 5 6 7 |  7.5

Action                   |  1- 3 |  4- 6 |  7- 9 | 10-12 || total
-------------------------+-------+-------+-------+-------++-------
Melee: Mace              |   116 |    90 |       |       ||   206
       Bite              |     8 |    38 |    42 |    61 ||   149
       Flail             |       |   221 |   354 |   360 ||   935
       Punch             |       |     9 |    15 |    21 ||    45
       Kick              |       |       |       |    40 ||    40
Invok: Heroism           |       |     1 |     1 |       ||     2
       Renounce Religion |       |       |     1 |       ||     1
       Slimify           |       |       |       |     1 ||     1
  Use: Scroll            |       |       |    11 |     4 ||    15
       Potion            |       |       |       |     8 ||     8
 Stab: Sleeping          |     6 |     9 |     1 |       ||    16
       Distracted        |       |     2 |       |       ||     2
       Invisible         |       |       |       |     2 ||     2
Armor: Robe              |    29 |    73 |       |       ||   102
       Ring mail         |       |       |   144 |   173 ||   317
Dodge: Dodged            |    88 |   250 |   222 |   329 ||   889
Block: Other             |       |       |       |    94 ||    94
       Reflection        |       |       |       |     6 ||     6

Table legend: (Time is in decaauts)
 A = Elapsed time spent in this place.
 B = Non-inter-level travel time spent in this place.
 C = Inter-level travel time spent in this place.
 D = Time resting spent in this place.
 E = Time spent auto-exploring this place.
 F = Levels seen in this place.
 G = Mean time per level.
                   A        B        C        D        E       F      G
               +--------+--------+--------+--------+--------+-----+--------+
         Total |  11475 |  11084 |    391 |    328 |   7818 |  14 |  819.6 |
       Dungeon |  10605 |  10253 |    352 |    328 |   7391 |  11 |  964.1 |
        Temple |    305 |    266 |     39 |      0 |    243 |   1 |  305.0 |
         Sewer |    331 |    331 |      0 |      0 |    133 |   1 |  331.0 |
        Bailey |    232 |    232 |      0 |      0 |     50 |   1 |  232.0 |
               +--------+--------+--------+--------+--------+-----+--------+

Top non-repeatable levels by time:
     D:5: 1439 daAuts
     D:2: 1373 daAuts
     D:4: 1329 daAuts
     D:3: 1253 daAuts
     D:7: 1144 daAuts
     D:6: 1123 daAuts
     D:1: 1059 daAuts
     D:8: 898 daAuts
     D:9: 420 daAuts
    D:10: 395 daAuts
   Sewer: 331 daAuts
  Temple: 305 daAuts
  Bailey: 232 daAuts
    D:11: 168 daAuts
